 Dungeon Crawl Stone Soup version 0.24.0-28-g17ded55e90 (webtiles) character file.

Game seed: 280924482329265376, levelgen mode: deterministic

3115 Nattfarinn the Nimble (level 9, -9/57 HPs)
             Began as a Merfolk Venom Mage on Nov 12, 2019.
             Was a Follower of Vehumet.
             Splashed by a brown ugly thing's acid (10 damage)
             ... on level 8 of the Dungeon.
             The game lasted 00:24:36 (8601 turns).

Nattfarinn the Nimble (Merfolk Venom Mage)          Turns: 8601, Time: 00:24:36

Health: -9/57      AC:  3    Str: 13    XL:     9   Next: 91%
Magic:  1/17       EV: 22    Int: 22    God:    Vehumet [*.....]
Gold:   430        SH:  5    Dex: 16    Spells: 13/18 levels left

rFire    + + .     SeeInvis .   i - +4 short sword
rCold    . . .     Gourm    .   (no shield)
rNeg     . . .     Faith    .   o - +2 robe {rC+ rF+}
rPois    +         Spirit   .   (no helmet)
rElec    .         Reflect  +   g - +0 cloak
rCorr    .         Harm     .   (no gloves)
MR       .....                  (no boots)
Stlth    ++........             v - +5 amulet of reflection
HPRegen  0.19/turn              k - +4 ring of strength
MPRegen  0.15/turn              u - ring of fire

@: brilliant, corroded
A: change form in water, swift swim, stealthy swim, repulsion field 1, molten
scales 1, agile 1, poison resistance, no potion heal 1
a: Renounce Religion


You were on level 8 of the Dungeon.
You worshipped Vehumet.
Vehumet was aware of your devotion.
You were hungry.

You visited 1 branch of the dungeon, and saw 8 of its levels.

You collected 430 gold pieces.

Inventory:

Hand Weapons
 b - a +1 short sword
 i - a +4 short sword (weapon)
Armour
 a - a +0 robe
 g - a +0 cloak (worn)
 o - a +2 robe of resistance (worn)
Jewellery
 d - an uncursed ring of ice
 k - a +4 ring of strength (left hand)
 u - a ring of fire (right hand)
 v - a +5 amulet of reflection (around neck)
Wands
 h - a wand of iceblast (7)
 r - a wand of paralysis (7)
 s - a wand of digging (6)
Scrolls
 e - 6 scrolls of enchant weapon
 f - 4 scrolls of remove curse
 x - a scroll of amnesia
 y - a scroll of identify
Potions
 j - 2 potions of brilliance
 m - a potion of magic {unknown}
 q - a potion of heal wounds
 t - 2 potions of lignification {unknown}
 w - 3 potions of agility {unknown}
 A - a potion of mutation
Comestibles
 c - 14 rations


   Skills:
 * Level 10.4 Dodging
 - Level 2.1 Stealth
 + Level 5.3 Spellcasting
 + Level 4.5 Conjurations
 * Level 9.2 Poison Magic


You had 13 spell levels left.
You knew the following spells:

 Your Spells              Type           Power        Failure   Level  Hunger
a - Sting                 Conj/Pois      ####         1%          1    None
b - Olgreb's Toxic Radia  Pois           ######..     1%          4    ####...

Your spell library contained the following spells:

 Spells                   Type           Power        Failure   Level  Hunger
 Shock                    Conj/Air       ####         1%          1    None
 Poisonous Vapours        Pois/Air       #####.       1%          2    None
 Mephitic Cloud           Conj/Pois/Air  #####...     1%          3    ##.....
 Venom Bolt               Conj/Pois      #####.....   1%          5    #####..


Dungeon Overview and Level Annotations

Branches:
Dungeon (8/15)             Temple (0/1) D:7
   Lair: D:8-11

Altars:
Kikubaaqudgha
Makhleb
Qazlal
Sif Muna
Trog
Vehumet
Xom
Yredelemnul
Zin
The Shining One


Innate Abilities, Weirdness & Mutations

You revert to your normal form in water.
You are very nimble and swift while swimming.
You are very stealthy in the water. (Stealth+)
You are surrounded by a mild repulsion field. (EV +2)
You are partially covered in molten scales. (AC +2)
You are agile. (Dex +2)
Your system is resistant to poisons. (rPois)
Potions are less effective at restoring your health.


Message History

Aiming: Sting (safe; 1% risk of failure)
Press: ? - help, Shift-Dir - straight line, f/p - brown ugly thing
Aim: a brown ugly thing (almost dead, poisoned)
The sting hits the brown ugly thing.
The brown ugly thing is almost dead.
The brown ugly thing completely misses you.
Casting: Sting (safe; 1% risk of failure)
Confirm with . or Enter, or press ? or * to list all spells.
Aiming: Sting (safe; 1% risk of failure)
Press: ? - help, Shift-Dir - straight line, f/p - brown ugly thing
Aim: a brown ugly thing (almost dead, poisoned)
The sting hits the brown ugly thing.
The brown ugly thing looks even sicker.
The brown ugly thing is almost dead.
The brown ugly thing gores you! The acid corrodes you!
You are splashed with acid!
* * * LOW HITPOINT WARNING * * *
The brown ugly thing gores you!
* * * LOW HITPOINT WARNING * * *
You are splashed with acid!
You die...

##...####.# #.#
..........#### #.#
#..<..).# #.#
###.###.#####)# #.#
........# #[# #.#####
###.###.# #)# #.....#
#.# #.#####.###.#
#.#####.......).#.#
#..u@)).#####.#.#.###
######### #........
#.####### ########.#
.........# ##########


You could see a brown ugly thing.

Vanquished Creatures
  2 hippogriffs (D:7)
  Sigmund (D:4)
  An orc warrior (D:8)
  A phantom (D:4)
  2 sky beasts
  2 ice beasts
  3 ogres
  2 black bears (D:7)
  2 centaurs (D:5)
  A bullfrog (D:5)
  4 scorpions
  A water moccasin skeleton (D:5)
  2 crimson imps (D:7)
  A centaur zombie (D:5)
  A bullfrog skeleton (D:7)
  5 orc priests
  A centaur skeleton (D:7)
  A gnoll shaman (D:4)
  3 hounds (D:5)
  A jelly (D:7)
  4 orc wizards
  2 iguanas
  9 worker ants
  2 hound skeletons
  A worker ant zombie (D:5)
  3 gnolls (D:4)
  11 adders
  A shadow imp (D:7)
  An ooze (D:4)
  2 adder zombies
  2 worms
  An adder skeleton (D:5)
  3 dart slugs
  4 leopard geckos
  22 orcs
  A ball python (D:2)
  4 bat zombies (D:5)
  2 giant cockroaches
  12 goblins
  4 hobgoblins
  6 jackals
  A quokka (D:2)
  7 bats
  7 frilled lizards
  6 kobolds
  A leopard gecko skeleton (D:7)
  7 rats
  2 rat zombies (D:5)
165 creatures vanquished.

Notes
Turn   | Place    | Note
-------+----------+-------------------------------------------
     0 | D:1      | Nattfarinn the Merfolk Venom Mage began the quest for the
                  | Orb.
     0 | D:1      | Reached XP level 1. HP: 13/13 MP: 3/3
     0 | D:1      | Noticed a gargoyle
     0 | D:1      | Noticed an elf
     3 | D:1      | Noticed a centaur
     3 | D:1      | Noticed an elf
     5 | D:1      | Noticed a formicid
     6 | D:1      | Noticed a spriggan
     8 | D:1      | Noticed an octopode
    10 | D:1      | Noticed a draconian
    10 | D:1      | Noticed an elf
    12 | D:1      | Noticed an elf
    13 | D:1      | Noticed an ogre
    14 | D:1      | Noticed a formicid
    16 | D:1      | Noticed a naga
    18 | D:1      | Noticed a vine stalker
    18 | D:1      | Noticed a formicid
    20 | D:1      | Noticed a troll
   141 | D:1      | Reached skill level 3 in Dodging
   315 | D:1      | Reached XP level 2. HP: 19/19 MP: 1/5
   355 | D:1      | Reached skill level 1 in Conjurations
  1062 | D:1      | Reached XP level 3. HP: 24/24 MP: 4/6
  1180 | D:2      | Found a shimmering altar of Xom.
  1183 | D:2      | Found a glowing silver altar of Zin.
  1188 | D:2      | Found a basalt altar of Yredelemnul.
  1376 | D:2      | Found a faded altar of an unknown god.
  1652 | D:2      | Found a stormy altar of Qazlal.
  1703 | D:2      | Reached XP level 4. HP: 26/30 MP: 1/7
  1705 | D:2      | Reached skill level 4 in Dodging
  2220 | D:3      | Learned a level 4 spell: Olgreb's Toxic Radiance
  2422 | D:2      | Reached XP level 5. HP: 10/35 MP: 1/8
  3014 | D:3      | Reached skill level 5 in Dodging
  3330 | D:3      | Found a shimmering blue altar of Sif Muna.
  3426 | D:4      | Noticed a phantom
  3454 | D:4      | Killed a phantom
  3454 | D:4      | Reached skill level 5 in Poison Magic
  3454 | D:4      | Reached XP level 6. HP: 33/41 MP: 10/10
  3594 | D:4      | Noticed Sigmund
  3625 | D:4      | Killed Sigmund
  3625 | D:4      | Reached skill level 6 in Dodging
  3625 | D:4      | Reached XP level 7. HP: 4/46 MP: 3/11
  4749 | D:5      | Entered Level 5 of the Dungeon
  4763 | D:5      | Gained mutation: Your magical capacity is low. (-10% MP)
                  | [potion of mutation]
  4763 | D:5      | Gained mutation: You expend magic power (3 MP) to
                  | strengthen your wands. [potion of mutation]
  4763 | D:5      | Gained mutation: You are agile. (Dex +2) [potion of
                  | mutation]
  4763 | D:5      | Gained mutation: You are surrounded by a mild repulsion
                  | field. (EV +2) [potion of mutation]
  4764 | D:5      | Lost mutation: Your magical capacity is low. (-10% MP)
                  | [potion of mutation]
  4764 | D:5      | Lost mutation: You expend magic power (3 MP) to strengthen
                  | your wands. [potion of mutation]
  4764 | D:5      | Gained mutation: You are partially covered in molten
                  | scales. (AC +2) [potion of mutation]
  4764 | D:5      | Gained mutation: Potions are less effective at restoring
                  | your health. [potion of mutation]
  4764 | D:5      | Gained mutation: Your system is resistant to poisons.
                  | (rPois) [potion of mutation]
  4874 | D:5      | Reached skill level 7 in Dodging
  5053 | D:5      | Reached XP level 8. HP: 26/52 MP: 13/13
  5249 | D:5      | Found a radiant altar of Vehumet.
  5270 | D:5      | Became a worshipper of Vehumet
  5316 | D:5      | Found an ancient bone altar of Kikubaaqudgha.
  5878 | D:5      | Reached skill level 8 in Dodging
  6486 | D:6      | Found a basalt altar of Yredelemnul.
  6760 | D:7      | Reached * piety under Vehumet
  6760 | D:7      | Offered knowledge of Shock by Vehumet.
  6771 | D:7      | Noticed a hippogriff
  6787 | D:7      | Killed a hippogriff
  6787 | D:7      | Reached skill level 9 in Dodging
  6787 | D:7      | Reached XP level 9. HP: 21/57 MP: 6/15
  7097 | D:7      | Found a glowing golden altar of the Shining One.
  7431 | D:7      | Found a bloodstained altar of Trog.
  7447 | D:7      | Reached skill level 5 in Spellcasting
  7930 | D:7      | Found a burning altar of Makhleb.
  7944 | D:7      | Found a staircase to the Ecumenical Temple.
  7961 | D:7      | Reached skill level 10 in Dodging
  8568 | D:8      | Noticed a brown ugly thing
  8601 | D:8      | HP: 1/57 [brown ugly thing (12)]
  8601 | D:8      | Splashed by a brown ugly thing's acid

Levels and vault maps discovered:
D:1:      shiori_arrival_whats_in_store_for_you, layout_basic, dk_noncrumbling_3
D:2:      kennysheep_the_goblin_king, layout_basic,
          grunt_temple_overflow_diamond, chequers_ecumenical_altar_simple,
          first_ration, grunt_qazlal_sundering
D:3:      lemuel_upstairs_altar, layout_basic, lemuel_blue_sif_altar,
          chequers_serial_rivers_small_b, hangedman_decor_points, minmay_cupped
D:4:      layout_basic, enter_ossuary_5, uniq_sigmund
D:5:      layout_loops_ring, kennysheep_little_box,
          lemuel_zombie_altar_kikubaaqudgha
D:6:      layout_loops_cross, yredelemnul_altar_generic
D:7:      layout_gridville, lemuel_doored_altar, kennysheep_mini_moat,
          trog_ov_bears_minmay, minmay_temple_entry_mist
D:8:      cheibrodos_iron_armory, layout_loops_ring, serial_shops, shop,
          uniq_psyche, uniq_joseph

Skill      XL: |  1  2  3  4  5  6  7  8  9 |
---------------+----------------------------+-----
Dodging        | 3 4 5 6 7 9 10 | 10.4
Conjurations   | 1 2 3 4 |  4.5
Poison Magic   | 4 5 6 8 9 |  9.2
Spellcasting   | 3 4 5 |  5.3
Stealth        | |  2.1

Action                   |  1- 3 |  4- 6 |  7- 9 || total
-------------------------+-------+-------+-------++-------
Melee: Short sword       |    65 |    59 |   217 ||   341
 Cast: Sting             |    53 |    88 |   212 ||   353
       Olgreb's Toxic Ra |       |       |    10 ||    10
  Use: Scroll            |     2 |       |     5 ||     7
       Potion            |       |     2 |     9 ||    11
 Stab: Sleeping          |     3 |       |     2 ||     5
  Eat: Chunk             |     3 |     7 |    14 ||    24
       Ration            |       |       |     1 ||     1
Armor: Robe              |    19 |    13 |    60 ||    92
Dodge: Dodged            |    79 |    76 |   250 ||   405
Block: Other             |       |       |    23 ||    23
